 Dungeon Crawl Stone Soup version 0.20-a0-433-g9e36e56 (webtiles) character file.

89 mopl the Covered (level 4, 0/60 HPs)
             Began as a Hill Orc Wanderer on Jan 3, 2017.
             Slain by a goblin (3 damage)
             ... on level 3 of the Dungeon.
             The game lasted 00:02:42 (1461 turns).

mopl the Covered (Hill Orc Wanderer)                Turns: 1461, Time: 00:02:43

Health: 0/60       AC: 22    Str: 14    XL:     4   Next: 55%
Magic:  4/4        EV:  2    Int: 12    God:
Gold:   124        SH:  0    Dex: 11    Spells: 3/3 levels left

rFire  . . .     SeeInvis .     b - +0 spear
rCold  . . .     Gourm    .     (armour currently unavailable)
rNeg   + + +     Faith    .     (no shield)
rPois  +         Spirit   .     (helmet currently unavailable)
rElec  .         Reflect  .     (cloak currently unavailable)
rCorr  .         Harm     .     (gloves currently unavailable)
MR     .....     NoTele   +     (boots currently unavailable)
Stlth  ..........               r - amulet of magic regeneration
                                z - ring of teleportation (curse)
                                s - ring of loudness (curse)

@: tree-form (expiring)
A: no striking features
a: no special abilities


You were on level 3 of the Dungeon.
You were not hungry.
You were a tree.
You visited 1 branch of the dungeon, and saw 3 of its levels.

You collected 124 gold pieces.

Inventory:

Hand Weapons
 b - a +0 spear (weapon)
 i - a +0 hand axe
Missiles
 g - 15 poisoned needles
 x - 2 tomahawks (quivered)
 y - 3 needles of sleeping
Armour
 a - a +2 scale mail (melded)
 t - a +0 pair of gloves (melded)
Jewellery
 r - an amulet of magic regeneration (around neck)
 s - a cursed ring of loudness (left branch)
 w - an uncursed ring of stealth
 z - a cursed ring of teleportation (right branch)
Scrolls
 k - 4 scrolls of remove curse {unknown}
 l - 6 scrolls of identify {unknown}
 n - a scroll of magic mapping {unknown}
 p - a scroll of enchant weapon {unknown}
 q - a scroll of fear {unknown}
 u - a scroll of fog {unknown}
Potions
 e - a potion of degeneration {unknown}
 f - 2 potions of curing {unknown}
 h - a potion of berserk rage {unknown}
 j - a potion of resistance {unknown}
 m - a potion of magic {unknown}
 o - 2 potions of cancellation {unknown}
 v - a potion of heal wounds {unknown}
Comestibles
 d - 4 bread rations


   Skills:
 + Level 3.7 Fighting
 * Level 3.2 Axes
 - Level 1.0 Throwing
 + Level 4.1 Armour
   Level 3.0 Hexes
   Level 1.0 Evocations


You had 3 spell levels left.
You didn't know any spells.

Dungeon Overview and Level Annotations

Branches:
Dungeon (3/15)

Altars:
Cheibriados


Message History

The adder is severely wounded.
The adder bites you but does no damage. The adder barely misses you.
You hit the adder but do no damage.
The adder is severely wounded.
The adder bites you but does no damage. The adder barely misses you.
You hit the adder.
You kill the adder!
Your transformation is almost over.
You feel yourself speed up.
The frilled lizard bites you but does no damage.
You barely miss the frilled lizard.
The frilled lizard completely misses you.
You hit the frilled lizard.
You kill the frilled lizard!
The jackal bites you but does no damage.
You puncture the jackal!
You kill the jackal!
You hit the goblin.
The goblin is moderately wounded.
The goblin hits you.
You die...

.....l.....# ..........#
...?.....# #+ #........#
#.....# #. #..?.....#
#.....# #. #.$......#
#.....###. #........#
#.......#.####'#+#####
###.......#.♣g......#
+####§#.......####......#
.≈≈≈≈≈§.......## #......#
#...........# #......#
#....##.....###......#
#######.......'....>.#
#......##....#.#
#......##....#.#
#......#######.#


You could see a goblin.

Vanquished Creatures
  Natasha (D:3)
  2 adders
  A worm (D:2)
  2 leopard geckos (D:2)
  3 bats
  3 giant cockroaches
  5 goblins
  10 hobgoblins
  2 jackals (D:3)
  3 kobolds
  2 frilled lizards
  6 rats
40 creatures vanquished.

Notes
Turn   | Place    | Note
-------+----------+-------------------------------------------
     0 | D:1      | mopl the Hill Orc Wanderer began the quest for the Orb.
     0 | D:1      | mopl set off with: a +2 scale mail, a +0 spear, a potion of lignification {!q}, a bread ration
     0 | D:1      | Reached XP level 1. HP: 18/18 MP: 1/1
    98 | D:1      | Reached XP level 2. HP: 25/25 MP: 2/2
   190 | D:1      | Reached skill level 3 in Fighting
   666 | D:1      | Reached skill level 1 in Axes
   730 | D:2      | Found a snail-covered altar of Cheibriados.
   744 | D:2      | Reached XP level 3. HP: 27/31 MP: 3/3
  1046 | D:2      | Reached skill level 2 in Axes
  1403 | D:3      | Noticed Natasha
  1446 | D:3      | Killed Natasha
  1446 | D:3      | Reached skill level 3 in Axes
  1446 | D:3      | Reached skill level 4 in Armour
  1446 | D:3      | Reached XP level 4. HP: 4/39 MP: 4/4
  1446 | D:3      | HP: 1/58 [adder (3)]
  1454 | D:3      | HP: 1/58 [adder (2)]
  1461 | D:3      | Slain by a goblin

Vault maps used:
D:1:      minmay_arrival_plants_in_alcoves, serial_bayou_pond_e,
          roderic_cross_of_infinity
D:2:      overflow_temple_1_default
D:3:      lightli_temple_of_fire, makhleb_blood_cavern_becter, first_bread,
          uniq_natasha

Skill      XL: |  1  2  3 |
---------------+----------+-----
Fighting       | 3 |  3.7
Axes           | 1 3 |  3.2
Armour         | 4 |  4.1
Throwing       | |  1.0
Hexes          | |  3.0
Evocations     | |  1.0

Action                   |  1- 3 |  4- 6 || total
-------------------------+-------+-------++-------
Melee: Spear             |   195 |    15 ||   210
  Use: Potion            |     1 |       ||     1
  Eat: Chunk             |     2 |       ||     2
Armor: Scale mail        |    95 |       ||    95
       Skin              |    18 |    16 ||    34
Dodge: Dodged            |   124 |     6 ||   130
